Map: Ley Lines

Players

ByuN - Winner!

  • Race: Terran Terran
  • Spawn Location: 1:00

Shameless

  • Race: Protoss Protoss
  • Spawn Location: 7:00

VOD

Have the link to the VOD?

Description

Time

  • Played on: July 29, 2025, 10:43 p.m.
  • Length: 6:38
Show
View Real Time Build Order
Export as new Build Order

ByuN Terran - Winner!

Build Orders: Cyclone Opening 

Get SALT Encoding   

  12  0:00  SCV  
  13  0:12  SCV  
  14  0:17  Supply Depot  
  14  0:24  SCV  
  15  0:38  SCV  
  15  0:40  Barracks  
  16  0:42  Refinery  
  16  0:51  SCV  
  17  1:03  SCV  
  18  1:15  SCV  
  19  1:27  Orbital Command  
  20  1:34  Command Center  
  20  1:45  Factory  
  19  1:51  Refinery  
  19  1:53  SCV  
  20  1:57  Barracks Tech Lab  
  20  2:05  SCV  
  20  2:07  Supply Depot  
  21  2:19  SCV  
  22  2:28  Marine  
  23  2:31  SCV  
  23  2:34  Cyclone  
  27  2:42  Starport  
  27  2:43  SCV  
  28  2:46  Orbital Command  
  28  2:50  Barracks Reactor  
  28  2:55  SCV  
  29  3:06  Widow Mine  
  29  3:08  SCV  
  29  3:09  Barracks  
  29  3:12  SCV  
  33  3:17  Medivac  
  35  3:20  SCV  
  35  3:24  SCV  
  35  3:26  Supply Depot  
  37  3:27  Widow Mine  
  37  3:28  Marine  
  37  3:29  Marine  
  37  3:34  SCV  
  42  3:36  SCV  
  42  3:38  Supply Depot  
  43  3:45  Marine  
  43  3:46  SCV  
  43  3:47  Marine  
  46  3:48  SCV  
  46  3:50  Siege Tank  
  46  3:53  Starport Tech Lab  
  50  3:58  Marine  
  50  4:00  Supply Depot  
  52  4:02  SCV  
  52  4:03  SCV, Marine  
  54  4:15  Marine  
  54  4:16  Marine  
  56  4:22  Siege Tank  
  59  4:26  SCV  
  59  4:28  Banshee  
  64  4:31  SCV  
  64  4:32  Supply Depot, Refinery  
  64  4:35  Marine x3  
  67  4:38  SCV  
  67  4:41  Bunker  
  67  4:45  Engineering Bay  
  68  4:47  SCV  
  68  4:52  SCV  
  70  4:55  Marine x3  
  70  4:59  SCV  
  74  5:00  Siege Tank  
  77  5:09  SCV  
  77  5:12  Barracks  
  78  5:17  SCV  
  78  5:20  Marine x2  
  78  5:23  SCV  
  78  5:27  Supply Depot, Marine, Refinery  
  78  5:29  SCV  
  78  5:35  Starport Reactor  
  79  5:37  SCV  
  79  5:40  Marine x2  
  79  5:41  Factory Reactor  
  79  5:42  SCV  
  82  5:46  Marauder  
  84  5:58  SCV, Marine x2  
  84  6:01  SCV  
  84  6:10  SCV  
  82  6:13  SCV  
  82  6:14  Marauder  
  82  6:16  Marine  
  86  6:22  SCV  
  86  6:25  SCV  
  78  6:32  Barracks  
Show
View Real Time Build Order
Export as new Build Order

Shameless Protoss 

Build Orders: 1 Gate Expand, Phoenix Opening, Blink Stalkers 

Get SALT Encoding   

  12  0:01  Probe  
  13  0:13  Probe  
  14  0:19  Pylon  
  14  0:25  Probe  
  15  0:35  Probe  
  15  0:38  Gateway  
  16  0:43  Assimilator, Probe  
  17  0:52  Probe  
  18  1:04  Probe  
  19  1:16  Probe  
  20  1:23  Nexus  
  20  1:30  Cybernetics Core  
  20  1:34  Probe  
  20  1:39  Assimilator  
  21  1:46  Probe  
  22  1:49  Pylon  
  22  1:55  Stalker  
  22  1:58  Probe  
  23  2:06  Probe  
  23  2:08  Warp Gate  
  25  2:14  Probe  
  26  2:21  Shield Battery  
  27  2:23  Phoenix  
  27  2:24  Sentry  
  29  2:31  Probe  
  29  2:35  Probe  
  31  2:38  Twilight Council  
  31  2:43  Probe  
  32  2:46  Stalker  
  32  2:47  Probe  
  32  2:49  Blink  
  35  2:56  Probe  
  36  2:59  Probe  
  36  3:05  Gateway  
  37  3:08  Probe  
  37  3:11  Probe  
  39  3:20  Probe  
  39  3:23  Probe  
  39  3:25  Pylon  
  41  3:29  Assimilator  
  41  3:31  Assimilator  
  41  3:32  Probe  
  42  3:35  Shield Battery  
  42  3:36  Probe  
  43  3:44  Probe  
  43  3:47  Gateway  
  43  3:48  Probe  
  45  3:56  Probe, Stalker  
  45  4:00  Probe  
  45  4:01  Stalker  
  51  4:08  Probe, Pylon  
  52  4:14  Probe  
  52  4:16  Pylon  
  53  4:21  Probe  
  54  4:26  Probe  
  52  4:32  Stalker x2  
  52  4:35  Probe  
  52  4:37  Templar Archives  
  57  4:39  Probe  
  57  4:44  Stalker  
  60  4:47  Probe  
  60  4:48  Pylon  
  60  4:53  Probe  
  60  4:58  Stalker x2  
  65  5:11  Stalker  
  66  5:25  Probe x2  
  68  5:35  Nexus  
  68  5:39  Probe  
  69  5:44  Stalker x3  
  69  5:46  Probe  
  76  5:51  Pylon  
  76  5:52  Probe  
  77  5:58  Probe  
  78  6:09  Probe  
  78  6:10  Stalker  
  78  6:11  Stalker x2  
  85  6:14  Probe  
  77  6:22  Probe  
Tags
 
Add a new tag
Caveats
  • Supply blocks, unpowered buildings, or Contaminate may cause inaccurate times.
  • Supply counts are checked every 10 seconds.